 Dungeon Crawl Stone Soup version 0.25-a0-277-g7046ed1 (webtiles) character file.

Game seed: 10792102427016333095, levelgen mode: deterministic

20114 relicbr the Slicer (level 12, -6/51 HPs)
             Began as a Vine Stalker Enchanter on Dec 10, 2019.
             Was a High Priest of Dithmenos.
             Mangled by a catoblepas (17 damage)
             ... on level 4 of the Lair of Beasts.
             The game lasted 01:06:39 (13489 turns).

relicbr the Slicer (Vine Stalker Enchanter)        Turns: 13489, Time: 01:06:40

Health: -6/51      AC: 11    Str: 10    XL:     12   Next: 76%
Magic:  0/30       EV: 19    Int: 19    God:    Dithmenos [*****.]
Gold:   927        SH:  5    Dex: 17    Spells: 14/22 levels left

rFire    . . .     SeeInvis .   a - +3 short sword (speed)
rCold    . . .     Gourm    .   L - +0 buckler
rNeg     . . .     Faith    .   u - +2 robe {MR+}
rPois    +         Spirit   +   s - +2 hat
rElec    .         Reflect  .   m - +1 cloak {rPois}
rCorr    .         Harm     .   r - +2 pair of gloves
MR       ++...                  (no boots)
Stlth    +++++++++.             B - amulet of the acrobat
HPRegen  0.97/turn              c - ring of stealth
MPRegen  0.22/turn              I - ring of magical power

@: wreathed by umbra
A: fangs 3, regeneration 2, magic shield, antimagic bite, no potion heal 3, rot
immunity
a: Shadow Step, Shadow Form, Renounce Religion


You were on level 4 of the Lair of Beasts.
You worshipped Dithmenos.
Dithmenos was extremely pleased with you.
You were not hungry.

You visited 2 branches of the dungeon, and saw 13 of its levels.
You also visited: Sewer and Volcano.

You collected 927 gold pieces.

Inventory:

Hand Weapons
 a - a +3 short sword of speed (weapon)
 b - a +0 dagger of venom
 p - a +2 demon blade of flaming
 Q - a +2 dagger of holy wrath
Missiles
 k - a throwing net (quivered)
Armour
 m - a +1 cloak of poison resistance (worn)
 r - a +2 pair of gloves (worn)
 s - a +2 hat (worn)
 u - a +2 robe of magic resistance (worn)
 L - a +0 buckler (worn)
Jewellery
 c - a ring of stealth (left hand)
 g - an uncursed ring of see invisible
 B - an amulet of the acrobat (around neck)
 I - a ring of magical power (right hand)
Wands
 i - a wand of acid (7)
 P - a wand of digging (5)
 S - a wand of paralysis (9)
Scrolls
 f - a scroll of magic mapping
 h - 9 scrolls of remove curse
 n - 3 scrolls of fog
 t - 2 scrolls of blinking
 C - 3 scrolls of teleportation
Potions
 e - a potion of cancellation {unknown}
 l - a potion of berserk rage {unknown}
 o - 7 potions of resistance
 q - 2 potions of might
 x - 4 potions of curing
 A - 6 potions of flight
Comestibles
 d - 43 rations


   Skills:
 - Level 10.2 Short Blades
 * Level 9.6 Dodging
 - Level 10.0 Stealth
 - Level 4.1 Shields
 - Level 5.5 Spellcasting
 - Level 10.0 Hexes
 - Level 0.1 Evocations


You had 14 spell levels left.
You knew the following spells:

 Your Spells              Type           Power        Failure   Level  Hunger
a - Confuse               Hex            #####...     1%          3    ##.....
b - Ensorcelled Hibernat  Hex/Ice        ###...       2%          2    None
c - Tukima's Dance        Hex            #####...     1%          3    ##.....

Your spell library contained the following spells:

 Spells                   Type           Power        Failure   Level  Hunger
 Corona                   Hex            #####..      1%          1    None
 Dazzling Flash           Conj/Hex       ###...       4%          3    ##.....
 Beastly Appendage        Tmut           #.....       12%         1    None
 Sticks to Snakes         Tmut           #.......     19%         2    None
 Spider Form              Tmut/Pois      #.........   34%         3    ##.....
 Ice Form                 Ice/Tmut       #.......     75%         4    ####...
 Blade Hands              Tmut           #.........   97%         5    #####..


Dungeon Overview and Level Annotations

Branches:
Dungeon (9/15)             Temple (0/1) D:6            Lair (4/6) D:9
 Shoals (0/4) Lair:3        Snake (0/4) Lair:3        Sewer (visited)
Volcano (visited)
    Orc: D:9-12

Altars:
Ashenzari
Cheibriados
Dithmenos
Fedhas
Hepliaklqana
Makhleb
Nemelex Xobeh
Okawaru
Qazlal
Sif Muna
Trog
Uskayaw
Vehumet
Yredelemnul
The Shining One

Annotations:
Lair:3 exclusion: oklob plant


Innate Abilities, Weirdness & Mutations

You have razor-sharp teeth.
You heal very quickly.
When hurt, damage is shared between your health and your magic reserves.
Your bite disrupts and absorbs the magic of your enemies.
Potions cannot restore your health.
You are immune to rotting.


Message History

The catoblepas gores you.
The catoblepas breathes a plume of calcifying dust at you.
The blast of calcifying dust hits you.
Evoke which item? (* to show all) (? for menu, Esc to quit)
Aiming: Corrosive Bolt
Press: ? - help, Shift-Dir - straight line, f/p - catoblepas
Aim: a catoblepas (severely wounded, umbra)
The bolt of acid hits the catoblepas.
The catoblepas is splashed with acid!
The catoblepas is almost dead.
The catoblepas gores you!!
* * * LOW HITPOINT WARNING * * *
Evoke which item? (* to show all) (? for menu, Esc to quit)
Aiming: Corrosive Bolt
Press: ? - help, Shift-Dir - straight line, f/p - catoblepas
Aim: a catoblepas (almost dead, umbra)
The bolt of acid hits the catoblepas.
The catoblepas is splashed with acid.
The acid corrodes the catoblepas!
The catoblepas is almost dead.
The catoblepas gores you!!
You die...

,,,,,,,,,,**,,,,,,,,,,,*
,,,,,,,,*******,,,*,,+.*
******,,,* ****###.#* *****
*....# ##**#..#* #.###.###*
##....##.## ### ****
###..P..###.#######P. *****
*,,**#..§@.......P##.##...
*,,,****...##..§Y..........###...
,,,,,,,,................##...+...
,*******####............#####....
** #............P# #####
##......?.....# # ####.#####.###
### ###


You could see a catoblepas.

Vanquished Creatures
  2 hydras
  A two-headed ogre (D:8)
  A fire crab (Volcano)
  2 lindwurms
  2 oklob plants (D:8)
  A black mamba (Lair:3)
  A gargoyle (Volcano)
  A molten gargoyle (Volcano)
  A spiny frog (Lair:2)
  3 komodo dragons
  A troll (D:9)
  A hornet (D:8)
  3 blink frogs (Lair:3)
  2 hippogriffs
  28 yaks
  2 basilisks
  4 wyverns
  8 fire bats (Volcano)
  A steam dragon (Volcano)
  4 nagas (Lair:3)
  A soldier ant (D:8)
  2 water moccasins
  An acid dragon (D:9)
  4 porcupines
  A phantom (D:4)
  5 orc warriors
  3 ice beasts
  2 ogres
  3 centaurs
  8 wolves
  8 crocodiles
  A big kobold (Sewer)
  15 bullfrogs
  A scorpion (Lair:3)
  An electric eel (Lair:3)
  A bullfrog zombie (D:8)
  2 quasits
  2 lava snakes (Volcano)
  3 crimson imps
  6 orc priests
  Crazy Yiuf (D:2)
  7 hounds
  3 jellies
  8 orc wizards
  2 iguanas (D:8)
  Ijyb (D:3)
  Jessica (D:3)
  Terence (D:3)
  11 worker ants
  A hound zombie (D:7)
  A hound skeleton (D:8)
  2 worker ant zombies
  4 gnolls (D:7)
  10 adders
  2 river rats (Sewer)
  4 shadow imps
  2 oozes (D:2)
  2 adder skeletons
  An adder zombie (D:8)
  2 worms
  4 dart slugs
  4 leopard geckos
  36 orcs
  12 bats
  6 giant cockroaches
  4 goblins
  7 hobgoblins
  8 jackals
  11 kobolds
  2 quokkas
  A ball python (D:6)
  8 frilled lizards
  A leopard gecko skeleton (D:6)
  A leopard gecko zombie (D:5)
  10 rats
320 creatures vanquished.

Vanquished Creatures (others)
  5 fungi (Lair:3)
  A plant (Lair:3)
6 creatures vanquished.

Grand Total: 326 creatures vanquished

Notes
Turn   | Place    | Note
-------+----------+-------------------------------------------
     0 | D:1      | relicbr the Vine Stalker Enchanter began the quest for the
                  | Orb.
     0 | D:1      | Reached XP level 1. HP: 9/9 MP: 4/4
   345 | D:1      | Reached XP level 2. HP: 13/13 MP: 6/6
   537 | D:1      | Learned a level 2 spell: Ensorcelled Hibernation
   818 | D:1      | Reached skill level 5 in Stealth
   919 | D:1      | Reached XP level 3. HP: 16/16 MP: 7/7
  1440 | D:2      | Found a runed translucent door.
  1441 | D:2      | Noticed Crazy Yiuf
  1447 | D:2      | Killed Crazy Yiuf
  1447 | D:2      | Gained mutation: Your natural rate of healing is unusually
                  | fast. [Vine Stalker growth]
  1447 | D:2      | Reached XP level 4. HP: 21/21 MP: 3/8
  1698 | D:2      | Noticed a +0 hand axe
  1698 | D:2      | Noticed a +0 dagger
  1708 | D:2      | Found a hide-covered altar of Uskayaw.
  1744 | D:2      | Found an iron altar of Okawaru.
  2165 | D:3      | Noticed Jessica
  2167 | D:3      | Killed Jessica
  2167 | D:3      | Reached XP level 5. HP: 24/24 MP: 9/9
  2304 | D:3      | Found a sparkling altar of Nemelex Xobeh.
  2306 | D:3      | Found a radiant altar of Vehumet.
  2309 | D:3      | Found a basalt altar of Yredelemnul.
  2310 | D:3      | Found a shadowy altar of Dithmenos.
  2312 | D:3      | Found a snail-covered altar of Cheibriados.
  2312 | D:3      | Found a hazy altar of Hepliaklqana.
  2446 | D:3      | Found a shimmering blue altar of Sif Muna.
  2453 | D:3      | Became a worshipper of Dithmenos the Shadowed
  2459 | D:3      | Found a glowing golden altar of the Shining One.
  2547 | D:3      | Noticed Ijyb
  2552 | D:3      | Killed Ijyb
  2629 | D:3      | Noticed Terence
  2653 | D:3      | Killed Terence
  3141 | D:4      | Reached XP level 6. HP: 28/28 MP: 10/10
  3402 | D:4      | Noticed a phantom
  3459 | D:4      | Killed a phantom
  3459 | D:4      | Reached skill level 10 in Stealth
  3459 | D:4      | Reached XP level 7. HP: 28/32 MP: 11/11
  3596 | D:4      | Reached * piety under Dithmenos
  4033 | D:4      | Learned a level 3 spell: Confuse
  4051 | D:5      | Entered Level 5 of the Dungeon
  4069 | D:5      | Found a glowing drain.
  4150 | Sewer    | Entered a sewer
  4272 | Sewer    | Reached skill level 5 in Hexes
  4345 | Sewer    | Found a glowing silver altar of Zin.
  4664 | D:5      | Gained mutation: You have razor-sharp teeth. [Vine Stalker
                  | growth]
  4664 | D:5      | Reached XP level 8. HP: 36/36 MP: 5/12
  5376 | D:6      | Found a staircase to the Ecumenical Temple.
  5672 | D:5      | Reached ** piety under Dithmenos
  6106 | D:7      | Noticed a hippogriff
  6125 | D:7      | Killed a hippogriff
  6125 | D:7      | Reached XP level 9. HP: 28/39 MP: 9/13
  6353 | D:7      | Reached skill level 10 in Hexes
  6409 | D:7      | Reached skill level 1 in Short Blades
  6799 | D:8      | Noticed a two-headed ogre
  6808 | D:8      | Killed a two-headed ogre
  6808 | D:8      | Reached skill level 5 in Short Blades
  6980 | D:8      | Reached *** piety under Dithmenos
  7018 | D:8      | Found a burning altar of Makhleb.
  7019 | D:8      | Noticed a cacodemon
  7061 | D:8      | Reached XP level 10. HP: 44/44 MP: 14/14
  7347 | D:8      | Found a blossoming altar of Fedhas.
  7349 | D:8      | Noticed an oklob plant
  7349 | D:8      | Noticed an oklob plant
  7353 | D:8      | Killed an oklob plant
  7355 | D:8      | Killed an oklob plant
  7517 | D:8      | Found a sparkling altar of Nemelex Xobeh.
  7863 | D:9      | Found a shimmering blue altar of Sif Muna.
  7972 | D:9      | Reached **** piety under Dithmenos
  7987 | D:9      | Found a stormy altar of Qazlal.
  8300 | D:9      | Reached skill level 10 in Short Blades
  8377 | D:9      | Found a staircase to the Lair.
  8513 | D:9      | Found a shattered altar of Ashenzari.
  8876 | Lair:1   | Entered Level 1 of the Lair of Beasts
  8919 | Lair:1   | Reached skill level 1 in Shields
  8919 | Lair:1   | Reached XP level 11. HP: 45/47 MP: 15/15
  9934 | Lair:1   | Reached skill level 5 in Spellcasting
 10389 | Lair:2   | Noticed a seven-headed hydra
 10398 | Lair:2   | Killed a seven-headed hydra
 10837 | Lair:2   | Found a bloodstained altar of Trog.
 11271 | Lair:3   | Reached skill level 5 in Dodging
 11274 | Lair:3   | Reached ***** piety under Dithmenos
 11444 | Lair:3   | Gained mutation: You heal very quickly. [Vine Stalker
                  | growth]
 11444 | Lair:3   | Reached XP level 12. HP: 51/51 MP: 21/21
 11446 | Lair:3   | Found a staircase to the Shoals.
 11469 | Lair:3   | Noticed a four-headed hydra
 11480 | Lair:3   | Killed a four-headed hydra
 11596 | Lair:3   | Found a staircase to the Snake Pit.
 12503 | Lair:3   | Learned a level 3 spell: Tukima's Dance
 12759 | Lair:4   | Found a dark tunnel.
 12802 | Volcano  | Entered a volcano
 13055 | Volcano  | Found a radiant altar of Vehumet.
 13467 | Lair:4   | Noticed a catoblepas
 13489 | Lair:4   | Mangled by a catoblepas

Levels and vault maps discovered:
D:1:      eino_arrival_water_cross, layout_basic, minmay_hexomino_f4
D:2:      layout_loops_cross, okawaru_ov_weapons_minmay,
          dancing_weapons_uskayaw, uniq_crazy_yiuf_cottage
D:3:      layout_loops_cross, minitemple, uniq_terence, uniq_ijyb, uniq_jessica
D:4:      layout_loops_ring
D:5:      layout_loops_ring, gup_sewer_entry_glass, first_ration
D:6:      layout_basic, temple_hall
D:7:      layout_loops_ring
D:8:      layout_cave_pools, makhleb_altar_promises_db,
          hangedman_pestilent_swarm, st_stairs_9, serial_bayou_pond_e,
          hangedman_tree_tricks, minivault_10, grunt_ministairs_13,
          nemelex_lonely_heart_becter
D:9:      cheibrodos_iron_armory, layout_basic, old_standard_altar,
          nicolae_ashenzari_panopticon, erik_lair_dragon, tgw_sif
Lair:1:   layout_regular_city, beast_lair_carwin_3
Lair:2:   layout_gridlike, serial_rivers, chequers_serial_rivers_room_b,
          chequers_serial_rivers_small_3, chequers_serial_rivers_room_b,
          chequers_serial_rivers_micro_c, chequers_serial_rivers_micro_a,
          chequers_serial_rivers_micro_c, basic_altar, lemuel_fruit_fields,
          lemuel_fruit_tree
Lair:3:   layout_cave_pods, elwin_shoals_entry_rocks,
          guppyfry_snake_entry_island, minmay_lair_oklob_chamber,
          serial_bayou_shore_b
Lair:4:   layout_roguey, nicolae_volcano_entry_vermiform

Skill      XL: |  1  2  3  4  5  6  7  8  9 10 11 12 |
---------------+-------------------------------------+-----
Stealth        | 4 5 6 7 8 10 | 10.0
Hexes          | 5 9 10 | 10.0
Short Blades   | 6 10 | 10.2
Shields        | 1 4 |  4.1
Spellcasting   | 5 |  5.5
Dodging        | 5 9 |  9.6
Evocations     | |  0.1

Action                   |  1- 3 |  4- 6 |  7- 9 | 10-12 || total
-------------------------+-------+-------+-------+-------++-------
Melee: Dagger            |    63 |   158 |    53 |    36 ||   310
       Bite              |    14 |    28 |    36 |    67 ||   145
       Short sword       |       |       |   151 |   268 ||   419
 Cast: Corona            |    17 |    14 |       |       ||    31
       Ensorcelled Hiber |     2 |    23 |    57 |   122 ||   204
       Confuse           |       |       |    17 |    52 ||    69
Evoke: Wand              |       |     2 |       |    16 ||    18
  Use: Scroll            |       |     6 |     9 |     7 ||    22
 Stab: Sleeping          |    10 |    25 |    68 |    90 ||   193
       Confused          |       |     2 |    12 |    32 ||    46
       Distracted        |       |       |     1 |     1 ||     2
  Eat: Chunk             |     1 |     9 |    18 |    26 ||    54
Armor: Robe              |    12 |    51 |    26 |    47 ||   136
Dodge: Dodged            |    46 |    91 |   132 |   170 ||   439
Block: Buckler           |       |       |       |    25 ||    25

Table legend:
 A = Non-vault XP
 B = Vault XP
 C = Vault XP percentage of total XP
 D = Non-vault monster count
 E = Vault monster count
 F = Vault count percentage of total count
                 A         B        C        D         E       F
            +---------+---------+-------+---------+---------+-------
      Total |   19598 |    9137 |  31.8 |     255 |      65 |  20.3
            +---------+---------+-------+---------+---------+-------
        D:1 |      34 |       4 |  10.5 |      18 |       3 |  14.3
        D:2 |      38 |      40 |  51.3 |      16 |       1 |   5.9
        D:3 |      71 |     111 |  61.0 |      25 |       3 |  10.7
        D:4 |     555 |       0 |   0.0 |      19 |       0 |   0.0
        D:5 |     391 |      55 |  12.3 |      16 |       5 |  23.8
        D:6 |     589 |       0 |   0.0 |      17 |       0 |   0.0
        D:7 |    1210 |       0 |   0.0 |      28 |       0 |   0.0
        D:8 |    1973 |    1709 |  46.4 |      29 |       9 |  23.7
        D:9 |    1371 |    1119 |  44.9 |      22 |       7 |  24.1
     Lair:1 |    3931 |     659 |  14.4 |      22 |       5 |  18.5
     Lair:2 |    2137 |       0 |   0.0 |       8 |       0 |   0.0
     Lair:3 |    7063 |     631 |   8.2 |      33 |       4 |  10.8
     Lair:4 |     235 |     621 |  72.5 |       2 |       1 |  33.3
      Sewer |       0 |     139 | 100.0 |       0 |      12 | 100.0
    Volcano |       0 |    4049 | 100.0 |       0 |      15 | 100.0
            +---------+---------+-------+---------+---------+-------
